 Dungeon Crawl Stone Soup version 0.24.1-8-ga250c9d538 (webtiles) character file.

Game seed: 6045851481744471281, levelgen mode: deterministic

49 Hugehornet the Changer (level 3, -6/23 HPs)
             Began as an Octopode Transmuter on May 1, 2020.
             Killed from afar by Sigmund (8 damage)
             ... with a magic dart
             ... on level 2 of the Dungeon.
             The game lasted 00:02:52 (1301 turns).

Hugehornet the Changer (Octopode Transmuter)        Turns: 1301, Time: 00:02:52

Health: -6/23      AC:  1    Str:  9    XL:     3   Next: 75%
Magic:  2/6        EV: 13    Int: 16    God:
Gold:   50         SH:  0    Dex: 12    Spells: 0/6 levels left

rFire    . . .     SeeInvis .     - Unarmed
rCold    . . .     Gourm    .   (no shield)
rNeg     . . .     Faith    .   (helmet restricted)
rPois    .         Spirit   .   (no amulet)
rElec    .         Reflect  .   (no ring)
rCorr    .         Harm     .   (no ring)
MR       .....                  (no ring)
Stlth    ++........             (no ring)
HPRegen  0.07/turn              (no ring)
MPRegen  0.10/turn              (no ring)
                                (no ring)
                                (no ring)

@: no status effects
A: almost no armour, stealthy swim, amphibious, 8 rings, constrict 8, camouflage
1, gelatinous body 1
a: no special abilities


You were on level 2 of the Dungeon.
You were hungry.

You visited 1 branch of the dungeon, and saw 2 of its levels.

You collected 50 gold pieces.

Inventory:

Missiles
 a - 38 arrows
Armour
 l - a +2 buckler
Jewellery
 n - a +3 ring of strength {unknown}
 o - a +6 ring of slaying {unknown}
Scrolls
 b - 2 scrolls of fog {unknown}
 d - a scroll of identify {unknown}
 i - a scroll of teleportation {unknown}
 j - a scroll of amnesia {unknown}
 k - a scroll of noise {unknown}
 m - a scroll of remove curse {unknown}
 p - a scroll of fear {unknown}
Potions
 e - a potion of lignification {unknown}
 f - a potion of brilliance {unknown}
 g - a potion of curing {unknown}
 h - a potion of ambrosia {unknown}
Comestibles
 c - 5 rations


   Skills:
 - Level 1.0 Fighting
 - Level 2.0 Dodging
 - Level 3.0 Unarmed Combat
 - Level 2.0 Spellcasting
 + Level 3.8 Transmutations
 * Level 1.0 Poison Magic


You couldn't memorise any spells.
You knew the following spells:

 Your Spells              Type           Power        Failure   Level  Hunger
a - Beastly Appendage     Tmut           ##....       4%          1    #......
b - Sticks to Snakes      Tmut           ##......     6%          2    ###....
c - Spider Form           Tmut/Pois      #.........   22%         3    ###....

Your spell library contained the following spells:

 Spells                   Type           Power        Failure   Level  Hunger
 Ice Form                 Ice/Tmut       #.......     67%         4    #####..
 Blade Hands              Tmut           ##........   75%         5    ######.


Dungeon Overview and Level Annotations

Branches:
Dungeon (2/15)

Altars:

Annotations:
D:2 Sigmund


Innate Abilities, Weirdness & Mutations

You cannot wear most types of armour.
You are very stealthy in the water. (Stealth+)
You are amphibious.
You can wear up to eight rings at the same time.
You can use your tentacles to constrict eight enemies at once.
Your skin changes colour to match your surroundings (Stealth+).
Your rubbery body absorbs attacks. (AC +1, EV +1)


Message History

Your ball python closely misses the worm.
The worm closely misses you. The worm barely misses you.
You hit the worm but do no damage.
The worm is poisoned.
Your ball python bites the worm.
Your ball python grabs the worm.
Your ball python constricts the worm.
Something hits you.
* * * LOW HITPOINT WARNING * * *
Your ball python bites the worm.
Your ball python constricts the worm.
The worm bites your ball python.
Your ball python bites the worm.
Your ball python constricts the worm.
The worm barely misses your ball python.
Your ball python bites the worm.
Your ball python constricts the worm.
Your ball python bites the worm.
Your ball python constricts the worm.
Your ball python bites the worm.
Your ball python constricts the worm.
The worm struggles to escape constriction.
Your transformation has ended.
Your ball python loses its grip on the worm.
Your ball python withers and dies!
A magic dart appears from out of thin air!
The magic dart hits you!
You die...

#.............######(.......
#..###...............##....######
....##...........................
##..).........##.................
###..........##.######..........
##...#........#<.# ###....######
...###..........#####....†.#
...........................#
###.#.....#.....@..........#
#><...).###...........####
##.##.....###......#########
#.......#......##..........#
#...[......#...###%w........#
............#..?...>.........#
###.....#.#...##..##...w.....#
......#..... ##. #...r....)#
#...... ... . #.........#


You could see 2 worms and a rat.

Vanquished Creatures
  A dart slug (D:1)
  2 leopard geckos
  6 giant cockroaches (D:1)
  3 goblins (D:1)
  7 hobgoblins
  3 jackals (D:1)
  4 bats (D:1)
  3 frilled lizards
  5 kobolds
  8 rats
42 creatures vanquished.

Notes
Turn   | Place    | Note
-------+----------+-------------------------------------------
     0 | D:1      | Hugehornet the Octopode Transmuter began the quest for the
                  | Orb.
     0 | D:1      | Reached XP level 1. HP: 13/13 MP: 3/3
    42 | D:1      | Reached XP level 2. HP: 11/18 MP: 5/5
   569 | D:1      | Reached XP level 3. HP: 23/23 MP: 4/6
   937 | D:1      | Learned a level 2 spell: Sticks to Snakes
   941 | D:1      | Learned a level 3 spell: Spider Form
  1249 | D:2      | Reached skill level 1 in Poison Magic
  1265 | D:2      | Noticed Sigmund
  1301 | D:2      | Killed from afar by Sigmund

Levels and vault maps discovered:
D:1:      grunt_arrival_crossed_arrows, layout_rooms
D:2:      layout_rooms, uniq_sigmund

Skill      XL: |  1  2  3 |
---------------+----------+-----
Transmutations | 3 |  3.8
Poison Magic   | 1 |  1.0
Fighting       | |  1.0
Dodging        | |  2.0
Unarmed Combat | |  3.0
Spellcasting   | |  2.0

Action                   || total
-------------------------++-------
Melee: Unarmed           ||    89
       Constrict         ||    20
       Kick              ||    21
       Tentacles         ||    10
       Punch             ||     1
 Cast: Beastly Appendage ||    20
       Sticks to Snakes  ||     2
       Spider Form       ||     1
 Stab: Sleeping          ||     7
  Eat: Chunk             ||     1
Armor: Skin              ||     7
Dodge: Dodged            ||    47
